 Dungeon Crawl Stone Soup version 0.29-a0-275-g389c0b56f3 (webtiles) character file.

Game seed: 5088087997353957507

137 HotDog the Covered (level 5, -11/46 HPs)
             Began as a Minotaur Fighter on Mar 10, 2022.
             Killed by divine providence
             ... invoked by an orc priest
              (13 damage)
             ... on level 4 of the Dungeon.
             The game lasted 00:03:28 (2939 turns).

HotDog the Covered (Minotaur Fighter)               Turns: 2939, Time: 00:03:28

Health: -11/46     AC:  8    Str: 22    XL:     5   Next: 0%
Magic:  4/4        EV:  8    Int:  5    God:
Gold:   98         SH:  8    Dex: 10    Spells: 4/4 levels left

rFire   . . .      SeeInvis .   a - +0 long sword
rCold   . . .      Faith    .   h - +0 kite shield
rNeg    . . .      Spirit   .   b - +0 scale mail
rPois   .          Reflect  .   (helmet restricted)
rElec   .          Harm     .   (no cloak)
rCorr   .          Rampage  .   (no gloves)
Will    .....                   c - +0 pair of boots
Stlth   ..........              (no amulet)
HPRegen 0.15/turn               (no ring)
MPRegen 0.09/turn               (no ring)

@: no status effects
A: horns 2, retaliatory headbutt
a: no special abilities


You were on level 4 of the Dungeon.
You visited 1 branch of the dungeon, and saw 4 of its levels.

You collected 98 gold pieces.

Inventory:

Hand Weapons
 a - a +0 long sword (weapon)
Armour
 b - a +0 scale mail (worn)
 c - a +0 pair of boots (worn)
 h - a +0 kite shield (worn)
Jewellery
 l - a ring of see invisible
Scrolls
 i - a scroll of blinking
 k - a scroll of identify {unknown}
Potions
 d - 2 potions of might
 e - 2 potions of heal wounds {unknown}
 f - a potion of brilliance {unknown}
 g - 2 potions of curing {unknown}
 j - a potion of flight {unknown}


   Skills:
 * Level 4.2 Fighting
 * Level 3.5 Long Blades
 * Level 4.9 Armour
 * Level 1.2 Dodging
 * Level 4.2 Shields
 * Level 1.0 Invocations


You had 4 spell levels left.
You didn't know any spells.
Your spell library contained the following spells:

 Spells                   Type           Power      Damage    Failure   Level
 Animate Skeleton         Necr           0%         N/A       98%         1
 Apportation              Tloc           0%         N/A       98%         1
 Pain                     Necr           0%         1d4       98%         1
 Summon Small Mammal      Summ           0%         N/A       98%         1
 Portal Projectile        Hex/Tloc       0%         N/A       100%        3
 Vampiric Draining        Necr           0%         2d6       100%        3
 Blade Hands              Tmut           0%         N/A       100%        5
 Excruciating Wounds      Necr           0%         N/A       100%        5


Dungeon Overview and Level Annotations

Branches:
Dungeon (4/15)
 Temple: D:4-7

Altars:

Shops:
D:1 [


Innate Abilities, Weirdness & Mutations

You have a pair of horns on your head.
You reflexively headbutt those who attack you in melee.


Message History

The orc priest is moderately wounded.
The orc priest hits you but does no damage.
The orc hits you but does no damage. The orc closely misses you.
The orc barely misses you. The orc hits you with a +0 mace!
You block the orc's attack.
The orc priest mumbles some strange prayers to Beogh against you.
Beogh smites you! You block the orc's attack.
You hit the orc priest but do no damage.
The orc priest is moderately wounded.
You block the orc priest's attack. The orc hits you with a +0 club.
You block the orc's attack. The orc hits you with a +0 mace.
You closely miss the orc priest.
The orc priest is moderately wounded.
You block the orc priest's attack. You block the orc's attack.
The orc hits you but does no damage. The orc closely misses you.
You barely miss the orc priest.
The orc priest is moderately wounded.
You block the orc priest's attack. The orc barely misses you.
The orc hits you with a +0 mace.
* * * LOW HITPOINT WARNING * * *
The orc hits you with a +0 short sword.
* * * LOW HITPOINT WARNING * * *
The orc closely misses you. You block the orc priest's attack.
The orc completely misses you. You block the orc's attack.
The orc attacks as you move away! The orc closely misses you.
The orc priest hits you but does no damage.
You block the orc's attack. The orc attacks as you move away!
The orc hits you but does no damage. You block the orc priest's attack.
Unknown command.
The orc attacks as you move away! The orc hits you but does no damage.
The orc priest looks satisfied for a moment.
The orc attacks as you move away! The orc hits you but does no damage.
The orc priest invokes the aid of Beogh against you.
Beogh smites you!
* * * LOW HITPOINT WARNING * * *
Unknown command.
The orc priest calls down the wrath of Beogh upon you.
Beogh smites you!
You die...

#....# #....# #....# #....#
#....# #....#
####....####....####
#.......#..#........
#.......#..#........
#.......#..#........
#.......##'#........
....##.###@...########'## ...
#...#....#.........# .
#.#.#....'..)......#
#...#....#'###########
#......#.#[#+##oo............
#......#...# #.o............
#......#.#.# #.o...........>
#......#...# #..............
#......#.### +.....!...#####


You could see an orc priest and 3 orcs.

Vanquished Creatures
  An iguana (D:2)
  An orc wizard (D:3)
  3 adders
  A shadow imp (D:3)
  2 worms
  A dart slug (D:4)
  3 orcs
  5 endoplasms
  2 giant cockroaches
  A hobgoblin (D:4)
  3 quokkas
  5 ball pythons
  3 bats
  8 goblins
  A kobold (D:2)
  4 rats
44 creatures vanquished.

Notes
Turn   | Place    | Note
-------+----------+-------------------------------------------
     0 | D:1      | HotDog the Minotaur Fighter began the quest for the Orb.
     0 | D:1      | Reached XP level 1. HP: 19/19 MP: 0/0
   161 | D:1      | Found Ejat's Armour Boutique.
   740 | D:1      | Reached XP level 2. HP: 26/27 MP: 1/1
  1347 | D:2      | Identified the +3 hunting sling of Living Defiance {flame,
                  | rN+}
  1367 | D:2      | Reached XP level 3. HP: 17/33 MP: 2/2
  1749 | D:2      | Reached skill level 1 in Dodging
  1895 | D:3      | Reached XP level 4. HP: 40/40 MP: 3/3
  2759 | D:4      | Reached skill level 1 in Invocations
  2905 | D:4      | Reached XP level 5. HP: 46/46 MP: 4/4
  2930 | D:4      | HP: 1/46 [orc priest/divine providence (11)]
  2939 | D:4      | Killed from afar by an orc priest

Illustrated notes

Levels and vault maps discovered:
D:1:      ncdulo_smallfort, layout_basic, serial_shops, shop
D:2:      layout_loops_ring, nicolae_ecumenical_pavilion,
          minmay_misc_feat_plants, minmay_pentomino_o4, uniq_robin,
          uniq_jessica, uniq_terence
D:3:      layout_basic
D:4:      layout_gridville, hangedman_minor_gate_pass, uniq_natasha,
          uniq_blork_the_orc

Skill      XL: |  1  2  3  4 |
---------------+-------------+-----
Armour         | 4 |  4.9
Fighting       | 4 |  4.2
Shields        | 4 |  4.2
Dodging        | 1 |  1.2
Long Blades    | 3 |  3.5
Invocations    | 1 |  1.0

Action                   |  1- 3 |  4- 6 || total
-------------------------+-------+-------++-------
Melee: Long sword        |    61 |    59 ||   120
       Headbutt          |     9 |     7 ||    16
  Use: Scroll            |     2 |       ||     2
Armor: Scale mail        |    25 |    37 ||    62
Dodge: Dodged            |    14 |    22 ||    36
Block: Kite shield       |    22 |    41 ||    63
       Buckler           |     1 |       ||     1

Table legend: (Time is in decaauts)
 A = Elapsed time spent in this place.
 B = Non-inter-level travel time spent in this place.
 C = Inter-level travel time spent in this place.
 D = Time resting spent in this place.
 E = Time spent auto-exploring this place.
 F = Levels seen in this place.
 G = Mean time per level.
                   A        B        C        D        E       F      G
               +--------+--------+--------+--------+--------+-----+--------+
         Total |   2988 |   2880 |    108 |    611 |   1834 |   4 |  747.0 |
       Dungeon |   2988 |   2880 |    108 |    611 |   1834 |   4 |  747.0 |
               +--------+--------+--------+--------+--------+-----+--------+

Top non-repeatable levels by time:
     D:1: 1357 daAuts
     D:3: 727 daAuts
     D:2: 654 daAuts
     D:4: 248 daAuts
